3L
CLEVELAND BROWNS @ SEATTLE ROCKETEERS
06/23/2037
 
TOP OF THE 1ST
Cleveland Browns batting - Pitching for Seattle Rocketeers : RHP Ren-qing Weng
Pitching: RHP Ren-qing Weng
Batting: LHB Roberto Vázquez 0-0: Foul Ball, location: 2F
0-1: Swinging Strike
0-2: Foul Ball, location: 2F
0-2: Ball
1-2: Strikes out swinging
Batting: RHB Carlos Rojas 0-0: Ball
1-0: Ball
2-0: Ball
3-0: Base on Balls
Batting: RHB Mario Álvarez 0-0: Ball
1-0: Called Strike
1-1: Foul Ball, location: 2F
1-2: Ball
2-2: Foul Ball, location: 2F
2-2: Fielders Choice at 2nd, 2-4 (Groundball, 15S, EV 69.4 MPH)
Batting: LHB Henry Madore 0-0: Ball
1-0: Ball
2-0: Foul Ball, location: 2F
2-1: Foul Ball, location: 2F
2-2: Foul Ball, location: 2F
2-2: Ball
3-2: Foul Ball, location: 2F
3-2: Fly out, F9 (Flyball, 9LS, EV 86.2 MPH)
Top of the 1st over - 0 runs, 0 hits, 0 errors, 1 left on base; Cleveland 0 - Seattle 0
BOTTOM OF THE 1ST
Seattle Rocketeers batting - Pitching for Cleveland Browns : RHP Ryunosuke Kurota
Pitching: RHP Ryunosuke Kurota
Batting: SHB Javier Vázquez 0-0: Foul Ball, location: 2F
0-1: Foul Ball, location: 2F
0-2: Ball
1-2: Foul Ball, location: 2F
1-2: Ball
2-2: Ball
3-2: Ground out U3 (Groundball, 3, EV 85.6 MPH)
Batting: LHB Thierry Honoré 0-0: Ball
1-0: Foul Ball, location: 2F
1-1: Ball
2-1: Ball
3-1: Base on Balls
Batting: RHB Claudio Tappen 0-0: Fielders Choice at 2nd, 2-4 (Groundball, 2L, EV 64.4 MPH)
Batting: LHB Kenny Webster 0-0: Ball
Wild Pitch!
Claudio Tappen to second
1-0: Ball
2-0: Ball
3-0: Called Strike
3-1: Ground out 4-3 (Groundball, 4M, EV 85.0 MPH)
Bottom of the 1st over - 0 runs, 0 hits, 0 errors, 1 left on base; Cleveland 0 - Seattle 0
TOP OF THE 2ND
Cleveland Browns batting - Pitching for Seattle Rocketeers : RHP Ren-qing Weng
Batting: LHB Shigenobu Ohayashi 0-0: Ball
1-0: Swinging Strike
1-1: Ball
2-1: Ground out U3 (Groundball, 3, EV 83.1 MPH)
Batting: RHB Hirohisa Ogasawara 0-0: Fly out, F8 (Line Drive, 8RM, EV 101.2 MPH)
Batting: LHB Arnold England 0-0: Called Strike
0-1: Called Strike
0-2: SINGLE (Line Drive, 56, EV 96.9 MPH)
Batting: RHB Colt Cabana 0-0: Called Strike
0-1: Fly out, F8 (Flyball, 8RM, EV 78.1 MPH)
Top of the 2nd over - 0 runs, 1 hit, 0 errors, 1 left on base; Cleveland 0 - Seattle 0
BOTTOM OF THE 2ND
Seattle Rocketeers batting - Pitching for Cleveland Browns : RHP Ryunosuke Kurota
Batting: RHB Alain Grosjean 0-0: Foul Ball, location: 2F
0-1: Ball
1-1: Called Strike
1-2: Strikes out looking
Batting: RHB Bogumil Tiwontschik 0-0: Ball
1-0: Ball
2-0: Foul Ball, location: 2F
2-1: Fly out, F9 (Flyball, 9LM, EV 94.4 MPH)
Batting: RHB Arturo Rodríguez 0-0: Ball
1-0: Called Strike
1-1: Ball
2-1: Ball
3-1: Foul Ball, location: 2F
3-2: Strikes out swinging
Bottom of the 2nd over - 0 runs, 0 hits, 0 errors, 0 left on base; Cleveland 0 - Seattle 0
TOP OF THE 3RD
Cleveland Browns batting - Pitching for Seattle Rocketeers : RHP Ren-qing Weng
Batting: SHB Stan St. John 0-0: Ball
1-0: Swinging Strike
1-1: Ball
2-1: Called Strike
2-2: Foul Ball, location: 2F
2-2: Strikes out swinging
Batting: LHB Roberto Vázquez 0-0: Ball
1-0: Ball
2-0: Called Strike
2-1: Foul Ball, location: 2F
2-2: Ball
3-2: Strikes out looking
Batting: RHB Carlos Rojas 0-0: Called Strike
0-1: Swinging Strike
0-2: Foul Ball, location: 2F
0-2: DOUBLE (Line Drive, 9LM, EV 93.8 MPH)
Batting: RHB Mario Álvarez 0-0: Foul Ball, location: 2F
0-1: Ball
1-1: Foul Ball, location: 2F
1-2: Ground out 6-3 (Groundball, 6, EV 85.6 MPH)
Top of the 3rd over - 0 runs, 1 hit, 0 errors, 1 left on base; Cleveland 0 - Seattle 0
BOTTOM OF THE 3RD
Seattle Rocketeers batting - Pitching for Cleveland Browns : RHP Ryunosuke Kurota
Batting: RHB Jurgen Flurgenburgen 0-0: Called Strike
0-1: Ball
1-1: Bunt for hit to 2L - play at first, batter OUT! 2-3
Batting: SHB Joam Francia 0-0: Ball
1-0: Called Strike
1-1: Ball
2-1: Called Strike
2-2: Strikes out swinging
Batting: SHB Javier Vázquez 0-0: Called Strike
0-1: Ball
1-1: Swinging Strike
1-2: Ball
2-2: Strikes out swinging
Bottom of the 3rd over - 0 runs, 0 hits, 0 errors, 0 left on base; Cleveland 0 - Seattle 0
TOP OF THE 4TH
Cleveland Browns batting - Pitching for Seattle Rocketeers : RHP Ren-qing Weng
Batting: LHB Henry Madore 0-0: Fly out, F9 (Flyball, 9S, EV 94.4 MPH)
Batting: LHB Shigenobu Ohayashi 0-0: Fly out, F9 (Line Drive, 9, EV 83.8 MPH)
Batting: RHB Hirohisa Ogasawara 0-0: Called Strike
0-1: Ball
1-1: Ground out 1-3 (Groundball, P, EV 76.9 MPH)
Top of the 4th over - 0 runs, 0 hits, 0 errors, 0 left on base; Cleveland 0 - Seattle 0
BOTTOM OF THE 4TH
Seattle Rocketeers batting - Pitching for Cleveland Browns : RHP Ryunosuke Kurota
Batting: LHB Thierry Honoré 0-0: Ball
1-0: Ball
2-0: Swinging Strike
2-1: Bunted foul
2-2: Foul Ball, location: 2F
2-2: SINGLE (Line Drive, 78S, EV 86.9 MPH)
Batting: RHB Claudio Tappen 0-0: Ball
1-0: Ball
2-0: Foul Ball, location: 2F
2-1: DOUBLE (Line Drive, 78XD, EV 105.0 MPH)
Thierry Honoré to third
Batting: LHB Kenny Webster 0-0: Swinging Strike
0-1: Ball
1-1: Fly out, F8 (Flyball, 8RM, EV 97.5 MPH)
Runner from 3rd tags up, SCORES, throw by CF
Batting: RHB Alain Grosjean 0-0: Ball
1-0: Ball
2-0: Ball
3-0: Base on Balls
Batting: RHB Bogumil Tiwontschik 0-0: Fly out, F7 (Line Drive, 7D, EV 104.4 MPH)
Batting: RHB Arturo Rodríguez 0-0: Ball
1-0: Ball
2-0: Called Strike
2-1: Ball
3-1: Base on Balls
Claudio Tappen to third
Alain Grosjean to second
Batting: RHB Jurgen Flurgenburgen 0-0: Fly out, F8 (Line Drive, 8RM, EV 95.6 MPH)
Bottom of the 4th over - 1 run, 2 hits, 0 errors, 3 left on base; Cleveland 0 - Seattle 1
TOP OF THE 5TH
Cleveland Browns batting - Pitching for Seattle Rocketeers : RHP Ren-qing Weng
Batting: LHB Arnold England 0-0: Called Strike
0-1: Swinging Strike
0-2: Ball
1-2: Strikes out looking
Batting: RHB Colt Cabana 0-0: Ball
1-0: Fly out, F7 (Flyball, 7LSF, EV 88.1 MPH)
Batting: SHB Stan St. John 0-0: Called Strike
0-1: Ball
1-1: Swinging Strike
1-2: Strikes out looking
Top of the 5th over - 0 runs, 0 hits, 0 errors, 0 left on base; Cleveland 0 - Seattle 1
BOTTOM OF THE 5TH
Seattle Rocketeers batting - Pitching for Cleveland Browns : RHP Ryunosuke Kurota
Batting: SHB Joam Francia 0-0: Called Strike
0-1: Called Strike
0-2: Ball
1-2: Ball
2-2: DOUBLE (Groundball, 3L, EV 101.9 MPH)
Batting: SHB Javier Vázquez 0-0: Foul Ball, location: 2F
0-1: Ball
1-1: Fly out, F8 (Flyball, 8RM, EV 91.2 MPH)
Batting: LHB Thierry Honoré 0-0: Ground out 1-3 (Groundball, P, EV 75.6 MPH)
Joam Francia to third
Batting: RHB Claudio Tappen 0-0: Called Strike
0-1: Foul Ball, location: 2F
0-2: Ball
1-2: Fly out, F8 (Flyball, 8RS, EV 75.6 MPH)
Bottom of the 5th over - 0 runs, 1 hit, 0 errors, 1 left on base; Cleveland 0 - Seattle 1
TOP OF THE 6TH
Cleveland Browns batting - Pitching for Seattle Rocketeers : RHP Ren-qing Weng
Batting: LHB Roberto Vázquez 0-0: Ball
1-0: Ball
2-0: Foul Ball, location: 2F
2-1: Ball
3-1: Called Strike
3-2: Base on Balls
Batting: RHB Carlos Rojas 0-0: Ball
1-0: Called Strike
1-1: Ball
2-1: Ball
3-1: Fly out, F9 (Flyball, 89S, EV 80.0 MPH)
Batting: RHB Mario Álvarez 0-0: Ball
1-0: Grounds into double play, 5-4-3 (Groundball, 56, EV 95.6 MPH)
Top of the 6th over - 0 runs, 0 hits, 0 errors, 0 left on base; Cleveland 0 - Seattle 1
BOTTOM OF THE 6TH
Seattle Rocketeers batting - Pitching for Cleveland Browns : RHP Ryunosuke Kurota
Batting: LHB Kenny Webster 0-0: Ball
1-0: Swinging Strike
1-1: Fly out, F5 (Popup, 5, EV 71.2 MPH)
Batting: RHB Alain Grosjean 0-0: Called Strike
0-1: Ball
1-1: Swinging Strike
1-2: Ball
2-2: Strikes out looking
Batting: RHB Bogumil Tiwontschik 0-0: Ball
1-0: Foul Ball, location: 2F
1-1: Swinging Strike
1-2: Ball
2-2: Strikes out swinging
Bottom of the 6th over - 0 runs, 0 hits, 0 errors, 0 left on base; Cleveland 0 - Seattle 1
TOP OF THE 7TH
Cleveland Browns batting - Pitching for Seattle Rocketeers : RHP Ren-qing Weng
Batting: LHB Henry Madore 0-0: Fly out, F7 (Flyball, 78D, EV 106.9 MPH)
Batting: LHB Shigenobu Ohayashi 0-0: Foul Ball, location: 2F
0-1: Fly out, F7 (Flyball, 78S, EV 88.1 MPH)
Batting: RHB Hirohisa Ogasawara 0-0: Fly out, F6 (Popup, 4S, EV 75.0 MPH)
Top of the 7th over - 0 runs, 0 hits, 0 errors, 0 left on base; Cleveland 0 - Seattle 1
BOTTOM OF THE 7TH
Seattle Rocketeers batting - Pitching for Cleveland Browns : RHP Ryunosuke Kurota
Pitching: RHP Martín García
Batting: RHB Arturo Rodríguez 0-0: Ball
1-0: Ball
2-0: Swinging Strike
2-1: Swinging Strike
2-2: Strikes out swinging
Batting: RHB Jurgen Flurgenburgen 0-0: Foul Ball, location: 2F
0-1: Ball
1-1: Foul Ball, location: 2F
1-2: Ball
2-2: Fly out, F9 (Flyball, 89M, EV 83.1 MPH)
Batting: SHB Joam Francia 0-0: Ball
1-0: Ball
2-0: Called Strike
2-1: Ball
3-1: DOUBLE (Line Drive, 89D, EV 103.1 MPH)
Batting: SHB Javier Vázquez 0-0: Called Strike
0-1: Fly out, F8 (Flyball, 8RM, EV 85.0 MPH)
Bottom of the 7th over - 0 runs, 1 hit, 0 errors, 1 left on base; Cleveland 0 - Seattle 1
TOP OF THE 8TH
Cleveland Browns batting - Pitching for Seattle Rocketeers : RHP Ren-qing Weng
Batting: LHB Arnold England 0-0: Ball
1-0: Called Strike
1-1: Foul Ball, location: 2F
1-2: Ground out 6-3 (Groundball, 6S, EV 86.9 MPH)
Batting: RHB Colt Cabana 0-0: Foul Ball, location: 2F
0-1: Ball
1-1: Foul Ball, location: 2F
1-2: Foul Ball, location: 2F
1-2: Ball
2-2: Strikes out looking
Batting: SHB Stan St. John 0-0: Called Strike
0-1: Ball
1-1: Ball
2-1: Foul Ball, location: 2F
2-2: Ball
3-2: Base on Balls
Batting: LHB Roberto Vázquez 0-0: Ball
1-0: Foul Ball, location: 2F
1-1: Ball
2-1: Fly out, F7 (Flyball, 7D, EV 108.8 MPH)
Top of the 8th over - 0 runs, 0 hits, 0 errors, 1 left on base; Cleveland 0 - Seattle 1
BOTTOM OF THE 8TH
Seattle Rocketeers batting - Pitching for Cleveland Browns : RHP Martín García
Batting: LHB Thierry Honoré 0-0: Fly out, F8 (Flyball, 8LD, EV 75.0 MPH)
Batting: RHB Claudio Tappen 0-0: Ball
1-0: Foul Ball, location: 2F
1-1: Foul Ball, location: 2F
1-2: Fly out, F3 (Popup, 3F, EV 65.6 MPH)
Batting: LHB Kenny Webster 0-0: SINGLE (Groundball, 4MD, EV 100.0 MPH)
Batting: RHB Alain Grosjean 0-0: Ball
1-0: Fly out, F8 (Flyball, 89D, EV 79.4 MPH)
Bottom of the 8th over - 0 runs, 1 hit, 0 errors, 1 left on base; Cleveland 0 - Seattle 1
TOP OF THE 9TH
Cleveland Browns batting - Pitching for Seattle Rocketeers : RHP Ren-qing Weng
Pitching: RHP Dragutin Petrovic
Batting: RHB Carlos Rojas 0-0: Ball
1-0: Ball
2-0: Called Strike
2-1: Hit by Pitch
Batting: RHB Mario Álvarez 0-0: Ball
Passed Ball!
Carlos Rojas to second
1-0: Ball
2-0: SINGLE (Line Drive, 6MD, EV 101.9 MPH)
Carlos Rojas to third
Runner from 3rd tries for Home, SAFE, throw by CF to home
Batting: LHB Henry Madore 0-0: Ball
Mario Álvarez is caught stealing 2nd base 2-6
1-0: SINGLE (Flyball, 89S, EV 98.1 MPH)
Batting: LHB Shigenobu Ohayashi 0-0: Foul Ball, location: 2F
0-1: Ball
1-1: Ball
2-1: Foul Ball, location: 2F
2-2: Fly out, F8 (Flyball, 8RD, EV 100.6 MPH)
Batting: RHB Hirohisa Ogasawara 0-0: Ball
1-0: Ball
2-0: Foul Ball, location: 2F
2-1: Foul Ball, location: 2F
2-2: Foul Ball, location: 2F
2-2: Foul Ball, location: 2F
2-2: Foul Ball, location: 2F
2-2: Foul Ball, location: 2F
2-2: Ball
3-2: Ground out 4-3 (Groundball, 4M, EV 90.0 MPH)
Top of the 9th over - 1 run, 2 hits, 0 errors, 1 left on base; Cleveland 1 - Seattle 1
BOTTOM OF THE 9TH
Seattle Rocketeers batting - Pitching for Cleveland Browns : RHP Martín García
Pitching: RHP Bob Christison
Batting: RHB Bogumil Tiwontschik 0-0: Called Strike
0-1: Ground out 6-3 (Groundball, 6, EV 80.6 MPH)
Batting: RHB Arturo Rodríguez 0-0: DOUBLE (Line Drive, 7LS, EV 111.9 MPH)
Batting: RHB Jurgen Flurgenburgen 0-0: Intentional Walk
Batting: SHB Joam Francia 0-0: Called Strike
0-1: Ball
1-1: Ball
2-1: Foul Ball, location: 2F
2-2: Foul Ball, location: 2F
2-2: SINGLE (Groundball, 3D, EV 103.8 MPH)
Arturo Rodríguez to third
Jurgen Flurgenburgen to second
Runner from 3rd tries for Home, throw by RF and OUT! 9-2
Batting: SHB Javier Vázquez 0-0: Called Strike
0-1: Ball
1-1: Ball
2-1: Foul Ball, location: 2F
2-2: Ball
3-2: Ground out 6-3 (Groundball, 6, EV 86.2 MPH)
Bottom of the 9th over - 0 runs, 2 hits, 0 errors, 2 left on base; Cleveland 1 - Seattle 1
TOP OF THE 10TH
Cleveland Browns batting - Pitching for Seattle Rocketeers : RHP Dragutin Petrovic
Batting: LHB Arnold England 0-0: Ball
1-0: Ground out U3 (Groundball, 34S, EV 78.1 MPH)
Batting: RHB Colt Cabana 0-0: Ball
1-0: Ball
2-0: SINGLE (Groundball, 5D, EV 100.0 MPH)
Batting: SHB Stan St. John 0-0: Fly out, F4 (Popup, 4MD, EV 51.9 MPH)
Batting: LHB Roberto Vázquez 0-0: Called Strike
0-1: Called Strike
Colt Cabana steals 2nd base
0-2: Ball
1-2: SINGLE (Groundball, 34D, EV 103.1 MPH)
Colt Cabana to third
Runner from 3rd tries for Home, SAFE, throw by RF to home
Roberto Vázquez to second
Batting: RHB Carlos Rojas 0-0: SINGLE (Groundball, 6MD, EV 101.9 MPH)
Roberto Vázquez to third
Runner from 3rd tries for Home, SAFE, no throw by CF
Batting: RHB Mario Álvarez 0-0: Foul Ball, location: 2F
0-1: Called Strike
0-2: Ball
1-2: Ground out 1-3 (Groundball, 13, EV 84.4 MPH)
Top of the 10th over - 2 runs, 3 hits, 0 errors, 1 left on base; Cleveland 3 - Seattle 1
BOTTOM OF THE 10TH
Seattle Rocketeers batting - Pitching for Cleveland Browns : RHP Bob Christison
Pitching: RHP Tomás Huesca
Batting: LHB Thierry Honoré 0-0: Called Strike
0-1: Ground out 4-3 (Groundball, 4, EV 83.8 MPH)
Batting: RHB Claudio Tappen 0-0: Ball
1-0: Ball
2-0: Ground out 4-3 (Groundball, 4, EV 82.5 MPH)
Batting: LHB Kenny Webster 0-0: Ball
1-0: SINGLE (Flyball, 8RS, EV 86.2 MPH)
Batting: RHB Alain Grosjean 0-0: Ground out 5-3 (Groundball, 56, EV 80.6 MPH)
Bottom of the 10th over - 0 runs, 1 hit, 0 errors, 1 left on base; Cleveland 3 - Seattle 1
Thursday, January 23rd, 2020 - OOTP Baseball 20.8 Build 74